 Dungeon Crawl Stone Soup version 0.23.0-3-gf3c87f2 (webtiles) character file.

Game seed: 16364488059010347590

574 Kurtz the Cudgeler (level 7, -7/52 HPs)
             Began as a Mummy Chaos Knight on Feb 23, 2019.
             Was a Plaything of Xom.
             Mangled by an orc warrior
             ... wielding a +0 halberd
              (19 damage)
             ... on level 5 of the Dungeon.
             The game lasted 00:05:42 (4329 turns).

Kurtz the Cudgeler (Mummy Chaos Knight)             Turns: 4329, Time: 00:05:43

Health: -7/52      AC:  9    Str: 18    XL:     7   Next: 12%
Magic:  7/7        EV:  9    Int: 15    God:    Xom [..*...]
Gold:   103        SH:  0    Dex: 11    Spells: 6/6 levels left

rFire    x . .     SeeInvis .   i - +5 great mace (chaos)
rCold    + . .     Gourm    .   (shield currently unavailable)
rNeg     + + +     Faith    +   j - +1 scale mail "Zaxiff" {Int+4}
rPois    ∞         Spirit   .   k - +0 helmet
rElec    .         Reflect  .   (no cloak)
rCorr    .         Harm     .   f - +0 pair of gloves
MR       .....                  (no boots)
Stlth    ..........             c - amulet of faith
HPRegen  0.17/turn              (no ring)
MPRegen  0.10/turn              (no ring)

@: no status effects
A: no food or potions, fire vulnerability, cold resistance 1, negative energy
resistance 3, torment resistance, unbreathing
a: Renounce Religion


You were on level 5 of the Dungeon.
You worshipped Xom.
You were a toy of Xom.
You were not hungry.

You visited 1 branch of the dungeon, and saw 6 of its levels.

You collected 103 gold pieces.

Inventory:

Hand Weapons
 a - a +0 hand axe of chaos
 i - a +5 great mace of chaos (weapon)
Armour
 b - a +2 leather armour
 f - a +0 pair of gloves (worn)
 h - a +0 scale mail
 j - the +1 scale mail "Zaxiff" (worn) {Int+4}
   (You took it off an orc on level 4 of the Dungeon)

   It affects your intelligence (+4).
 k - a +0 helmet (worn)
Jewellery
 c - an amulet of faith (around neck)
Wands
 l - a wand of digging (2)
Scrolls
 d - 2 scrolls of remove curse
 e - a scroll of teleportation {unknown}
 g - a scroll of identify


   Skills:
 - Level 3.0 Fighting
 - Level 3.8(5.2) Axes
 * Level 5.5(6.1) Maces & Flails
 - Level 1.5 Armour
 - Level 0.7 Dodging


You had 6 spell levels left.
You didn't know any spells.
Your spell library was empty.

Dungeon Overview and Level Annotations

Branches:
Dungeon (6/15)
 Temple: D:4-7

Altars:
Cheibriados
Gozag
Vehumet

Annotations:
D:3 3 runed translucent doors, Sigmund; TwoGrow's ghost, amateur MfSu
D:5 3 runed translucent doors, Strat's ghost, amateur OpWr


Innate Abilities, Weirdness & Mutations

You do not eat or drink.
Your flesh is vulnerable to fire.
You are immune to poison.
Your flesh is cold resistant. (rC+)
You are immune to negative energy. (rN+++)
You are immune to unholy pain and torment.
You can survive without breathing.


Message History

The orc warrior is lightly wounded.
The orc warrior barely misses you.
You thump the orc warrior!
The orc warrior is heavily wounded.
The orc warrior barely misses you.
The orc warrior hits you with a +0 halberd.
You closely miss the orc warrior.
The orc warrior is heavily wounded.
The orc warrior hits you but does no damage.
Your scale mail "Zaxiff" prevents you from hitting the orc warrior.
The orc warrior is heavily wounded.
The orc warrior hits you with a +0 halberd!!
* * * LOW HITPOINT WARNING * * *
You closely miss the orc warrior.
The orc warrior is heavily wounded.
The orc warrior hits you with a +0 halberd.
* * * LOW HITPOINT WARNING * * *
The orc warrior hits you from afar with a +0 halberd!!
You die...
Xom snickers!

##..##### #.......# #.#(..###
############.#...#
8∩8.##...........#
$...∩#######.##..#########
.8$.8# #...............####.#
.Z... #.#.....†o...........#
WSol######.#####@#######.######
+++##.......# #.># #§#
.....#####..# ##.# #§# #.####
#..# #.# #§# #.# #..#
#.######§# #.# #..# #...§§§§§#
#.# #..# ########## .[# #..#
### ..#


You could see an orc warrior.

Vanquished Creatures
  A howler monkey (D:4)
  A crimson imp (D:5)
  A jelly (D:5)
  A hound (D:5)
  An orc priest (D:4)
  4 orc wizards
  Ijyb (D:4)
  An iguana (D:4)
  5 worker ants
  2 gnolls
  4 adders
  An ooze (D:1)
  A worm (D:2)
  A dart slug (D:1)
  2 leopard geckos
  12 orcs
  3 giant cockroaches
  4 hobgoblins
  7 jackals
  2 quokkas
  A ball python (D:1)
  7 bats
  3 frilled lizards
  2 goblins
  5 kobolds
  11 rats
84 creatures vanquished.

Vanquished Creatures (others)
  A goblin (D:2)
1 creature vanquished.

Grand Total: 85 creatures vanquished

Notes
Turn   | Place    | Note
-------+----------+-------------------------------------------
     0 | D:1      | Kurtz the Mummy Chaos Knight began the quest for the Orb.
     0 | D:1      | Reached XP level 1. HP: 18/18 MP: 1/1
     0 | D:1      | XOM: silly message
    60 | D:1      | XOM: harmless Chrm miscast
   287 | D:1      | XOM: confusion (+ monsters)
   403 | D:1      | Reached XP level 2. HP: 24/24 MP: 2/2
   899 | D:1      | Reached XP level 3. HP: 27/29 MP: 3/3
  1304 | D:2      | XOM: harmless Hex miscast
  1305 | D:2      | XOM: noise
  1317 | D:2      | XOM: divination: magic mapping
  1322 | D:2      | XOM: confuse monster(s)
  1423 | D:1      | XOM: mild Fire miscast
  1477 | D:1      | XOM: god gift: glowing great mace {god gift}
  1666 | D:3      | XOM: harmless Erth miscast
  1675 | D:3      | XOM: mild Necr miscast
  1676 | D:3      | Reached skill level 1 in Maces & Flails
  1676 | D:3      | Reached XP level 4. HP: 33/35 MP: 4/4
  1683 | D:3      | Found a radiant altar of Vehumet.
  1741 | D:3      | Reached skill level 2 in Maces & Flails
  1769 | D:3      | Noticed Sigmund
  1770 | D:3      | XOM: summons 3 friendly demons
  1816 | D:3      | XOM: harmless Ice miscast
  1820 | D:3      | Found a runed translucent gate.
  1821 | D:3      | Found a runed translucent gate.
  1822 | D:3      | Found a runed translucent gate.
  1823 | D:3      | Noticed TwoGrow's ghost (amateur MfSu)
  1892 | D:4      | XOM: god gift: scroll labeled GUONESS XOTSIETI {god gift}
  1923 | D:4      | Reached XP level 5. HP: 28/41 MP: 5/5
  1936 | D:4      | HP: 2/41 [orc wizard/magic dart (4)]
  1939 | D:4      | Reached skill level 3 in Maces & Flails
  2121 | D:4      | XOM: cloud trail
  2280 | D:4      | XOM: swap monsters
  2285 | D:4      | XOM: summons 2 hostile demons
  2320 | D:4      | XOM: enchant monster (bad)
  2481 | D:4      | XOM: harmless Tmut miscast
  2586 | D:5      | Entered Level 5 of the Dungeon
  2609 | D:5      | XOM: divination: detect items
  2682 | D:5      | Found a runed translucent gate.
  2683 | D:5      | Found a runed translucent gate.
  2684 | D:5      | Found a runed translucent gate.
  2685 | D:5      | Found an opulent altar of Gozag.
  2687 | D:5      | Noticed Strat's ghost (amateur OpWr)
  2687 | D:5      | Noticed a wyvern
  2763 | D:5      | Reached XP level 6. HP: 47/47 MP: 6/6
  2799 | D:5      | Reached skill level 4 in Maces & Flails
  2876 | D:4      | XOM: medium Tloc miscast
  2877 | D:4      | Noticed a spatial vortex
  2984 | D:4      | XOM: harmless Fire miscast
  3109 | D:4      | XOM: 2-stop teleportation journey
  3167 | D:4      | XOM: 2-stop teleportation journey
  3207 | D:4      | XOM: mild Chrm miscast
  3245 | D:4      | Found a snail-covered altar of Cheibriados.
  3348 | D:4      | XOM: harmless Conj miscast
  3366 | D:4      | Identified the +1 scale mail "Zaxiff" {Int+4}
  3410 | D:4      | XOM: harmless Fire miscast
  3478 | D:4      | Reached skill level 5 in Maces & Flails
  3628 | D:4      | XOM: silly message
  3680 | D:4      | XOM: harmless Fire miscast
  3793 | D:4      | XOM: mild Tmut miscast
  3837 | D:4      | Reached XP level 7. HP: 52/52 MP: 7/7
  3928 | D:4      | Noticed Ijyb
  3937 | D:4      | Killed Ijyb
  4275 | D:5      | XOM: enchant monster (bad)
  4278 | D:5      | XOM: harmless Erth miscast
  4284 | D:5      | XOM: polymorph orc -> gnoll
  4298 | D:5      | XOM: fog
  4307 | D:5      | XOM: blink monster(s)
  4311 | D:5      | XOM: swap monsters
  4329 | D:5      | Mangled by an orc warrior

Skill      XL: |  1  2  3  4  5  6 |
---------------+-------------------+-----
Axes           | 3 |  3.8
Maces & Flails | 1 2 3 5 |  5.5
Fighting       | |  3.0
Armour         | |  1.5
Dodging        | |  0.7

Action                   |  1- 3 |  4- 6 |  7- 9 || total
-------------------------+-------+-------+-------++-------
Melee: Hand axe          |    86 |       |       ||    86
       Great mace        |     9 |   108 |    16 ||   133
  Use: Scroll            |       |     5 |       ||     5
 Stab: Confused          |     1 |       |       ||     1
       Paralysed         |       |       |     1 ||     1
Armor: Leather armour    |    49 |    38 |       ||    87
       Scale mail        |       |    29 |    10 ||    39
Dodge: Dodged            |    67 |    98 |     7 ||   172
